 Dungeon Crawl Stone Soup version 0.29-a0-1065-g47a6bb87d6 (webtiles) character file.

Game seed: 9700017435068652158

313 Newt the Shooter (level 6, -8/38 HPs)
             Began as a Kobold Hunter on Aug 18, 2022.
             Splashed by a jelly's acid (10 damage)
             ... in a sewer.
             The game lasted 00:06:25 (4005 turns).

Newt the Shooter (Kobold Hunter)                    Turns: 4005, Time: 00:06:26

Health: -8/38      AC: -5    Str: 11    XL:     6   Next: 71%
Magic:  6/6        EV: 16    Int: 10    God:
Gold:   180        SH:  0    Dex: 18    Spells: 5/5 levels left

rFire   . . .      SeeInvis .   b - +2 short sword (venom)
rCold   . . .      Faith    .   (no shield)
rNeg    . . .      Spirit   .   c - +0 leather armour
rPois   .          Reflect  .   (no helmet)
rElec   .          Harm     .   (no cloak)
rCorr   .          Rampage  .   (no gloves)
Will    .....                   (no boots)
Stlth   ++........              r - amulet of magic regeneration
HPRegen 0.12/turn               (no ring)
MPRegen 0.50/turn               (no ring)

@: corroded, invisible, very slow
A: small, no large weapons, nightstalker 3
a: no special abilities


You were in a sewer.
You visited 1 branch of the dungeon, and saw 4 of its levels.
You also visited: Sewer.

You collected 180 gold pieces.

Inventory:

Hand Weapons
 a - a +2 dagger of venom
 b - a +2 short sword of venom (weapon)
 f - a +0 shortbow
Armour
 c - a +0 leather armour (worn)
Jewellery
 r - an amulet of magic regeneration (around neck)
Wands
 n - a wand of flame (11)
Scrolls
 d - a scroll of identify
 e - a scroll of vulnerability
 g - a scroll of magic mapping
 i - a scroll of blinking {unknown}
 j - a scroll of amnesia {unknown}
 l - a scroll of noise {unknown}
 o - 3 scrolls of teleportation {unknown}
 q - a scroll of immolation
 s - a scroll of enchant armour {unknown}
Potions
 h - a potion of mutation
 k - a potion of ambrosia {unknown}
 m - a potion of degeneration {unknown}
 p - a potion of heal wounds {unknown}
 t - 2 potions of invisibility
 u - a potion of might {unknown}
 v - 2 potions of haste {unknown}


   Skills:
 - Level 4.0 Fighting
 - Level 5.0 Short Blades
 - Level 5.8 Ranged Weapons
 - Level 4.0 Dodging
 + Level 3.0 Stealth


You had 5 spell levels left.
You didn't know any spells.
Your spell library contained the following spells:

 Spells                   Type           Power      Damage    Failure   Level
 Inner Flame              Hex/Fire       0%         N/A       83%         3
 Cause Fear               Hex            0%         N/A       99%         4
 Discord                  Hex            0%         N/A       100%        8


Dungeon Overview and Level Annotations

Branches:
Dungeon (4/15)              Sewer (1/1)
 Temple: D:4-7

Altars:
Makhleb


Innate Abilities, Weirdness & Mutations

You are small and have problems with some larger weapons.
You are completely attuned to the shadows.


Message History

Training target 4.0 for Dodging reached!
Your Dodging skill increases to level 4!
You need to enable at least one skill for training.
You start resting.
HP restored.
v - 2 clear potions (gained 1)
You enter the shallow water.
Moving in this stuff is going to be slow.
You enter the shallow water.
Moving in this stuff is going to be slow.
You enter the shallow water.
Moving in this stuff is going to be slow.
You enter the shallow water.
Moving in this stuff is going to be slow.
You enter the shallow water.
Moving in this stuff is going to be slow.
A jelly comes into view.
Found a scroll labelled ECVIOD OMOISI and a leather armour.
The jelly quivers.
Your +2 dagger of venom stops dripping with poison.
Your +2 short sword of venom begins to drip with poison!
b - a +2 short sword of venom (weapon)
The jelly hits you. The acid corrodes you!
You are splashed with acid!
The jelly hits you.
You are splashed with acid!
You are too injured to fight recklessly!
Unknown command.
You enter the shallow water.
Moving in this stuff is going to be slow.
Your unstable footing causes you to fumble your attack.
Your unstable footing causes you to fumble your attack.
The jelly hits you. The acid corrodes you!
You are splashed with acid!
* * * LOW HITPOINT WARNING * * *
Unknown command.
Okay, then.
It was a potion of invisibility.
You fade into invisibility!
The jelly hits you.
* * * LOW HITPOINT WARNING * * *
You are splashed with acid!
You die...

#....~.# ##∩~~.~..~~#...#~~~#
#_.....# #.~.##..~~~.~~##~~~#
#)..~~~###..##..~.~.~~##.~.##
###.~~~.##~.#...##~~~.#...##
####~~.~..##.##.~..~##~..#
##.~....###~~.....##~)#
####~~~~~.~.##.~~.####
##~.~~~~####.....##
###@.##?[##~~.~~#
#~J#~..####~††# #.~.~.#
##..## ##~~.## #.~.# #####
##..# ########## #†.#
#...~~.~.# #~.# #....~.~.#
#..# #~~####.~# #..#


You could see a jelly.

Vanquished Creatures
  3 jellies (Sewer)
  An orc priest (D:3)
  6 adders
  4 river rats
  4 worms
  2 dart slugs
  3 orcs (D:3)
  17 endoplasms
  5 giant cockroaches
  5 goblins
  3 hobgoblins
  3 jackals (D:1)
  3 quokkas
  11 ball pythons
  4 bats
  6 frilled lizards
  6 kobolds
  4 rats
90 creatures vanquished.

Notes
Turn   | Place    | Note
-------+----------+-------------------------------------------
     0 | D:1      | Newt the Kobold Hunter began the quest for the Orb.
     0 | D:1      | Reached XP level 1. HP: 12/12 MP: 1/1
    54 | D:1      | Found a faded altar of an unknown god.
   103 | D:1      | Reached XP level 2. HP: 17/17 MP: 2/2
   508 | D:1      | Reached XP level 3. HP: 21/21 MP: 3/3
   855 | D:1      | Reached skill level 1 in Short Blades
  1195 | D:2      | Reached XP level 4. HP: 26/26 MP: 4/4
  1981 | D:3      | Reached XP level 5. HP: 26/30 MP: 5/5
  2238 | D:3      | Found a burning altar of Makhleb.
  2506 | D:3      | Reached skill level 5 in Short Blades
  3086 | D:4      | Found a glowing drain.
  3102 | Sewer    | Entered a sewer
  3394 | Sewer    | Reached XP level 6. HP: 37/37 MP: 6/6
  3671 | Sewer    | Found a viscous altar of Jiyva.
  4005 | Sewer    | Splashed by a jelly's acid

Illustrated notes

Levels and vault maps discovered:
D:1:      saegor_arrival_simple_b, layout_loops_ring,
          dreamdust_ecumenical_altar_grove
D:2:      layout_basic, st_stairs_14
D:3:      layout_loops_corners, bloody_makhleb, hangedman_glass_teeth
D:4:      layout_rooms, portal_sewer_entry_b
Sewer:    sewer_hellmonk_slimy_pipes

Skill      XL: |  1  2  3  4  5  6 |
---------------+-------------------+-----
Stealth        | 2 3 |  3.0
Short Blades   | 2 4 5 |  5.0
Fighting       | 3 4 |  4.0
Dodging        | 4 |  4.0
Ranged Weapons | |  5.8

Action                   |  1- 3 |  4- 6 || total
-------------------------+-------+-------++-------
Melee: Dagger            |    22 |    89 ||   111
       Punch             |       |     1 ||     1
       Short sword       |       |    75 ||    75
 Fire: Shortbow          |    35 |       ||    35
  Use: Scroll            |     2 |     1 ||     3
       Potion            |       |     1 ||     1
 Stab: Sleeping          |     3 |    17 ||    20
       Distracted        |       |     1 ||     1
Armor: Leather armour    |     7 |    13 ||    20
Dodge: Dodged            |    24 |    88 ||   112

Table legend: (Time is in decaauts)
 A = Elapsed time spent in this place.
 B = Non-inter-level travel time spent in this place.
 C = Inter-level travel time spent in this place.
 D = Time resting spent in this place.
 E = Time spent auto-exploring this place.
 F = Levels seen in this place.
 G = Mean time per level.
                   A        B        C        D        E       F      G
               +--------+--------+--------+--------+--------+-----+--------+
         Total |   4016 |   3942 |     74 |   1010 |   2305 |   5 |  803.2 |
       Dungeon |   3093 |   3019 |     74 |    561 |   1997 |   4 |  773.2 |
         Sewer |    922 |    922 |      0 |    449 |    308 |   1 |  922.0 |
               +--------+--------+--------+--------+--------+-----+--------+

Top non-repeatable levels by time:
     D:3: 1170 daAuts
     D:2: 962 daAuts
   Sewer: 922 daAuts
     D:1: 862 daAuts
     D:4: 98 daAuts
